 Dungeon Crawl Stone Soup version 0.30.0-20-g3615ddf2f0 (webtiles) character file.

Game seed: 11524143693716707309

1850 qw the Cleaver (level 9, -2/56 HPs)
             Began as a Gargoyle Fighter on May 31, 2023.
             Was an Initiate of Okawaru.
             Slain by a sixfirhy (8 damage)
             ... on level 2 of the Abyss.
             The game lasted 00:03:06 (5309 turns).

qw the Cleaver (Gargoyle Fighter)                   Turns: 5309, Time: 00:03:07

Health: -2/56      AC:  5    Str: 24    XL:     9   Next: 12%
Magic:  12/12      EV:  8    Int:  9    God:    Okawaru [......]
Gold:   127        SH:  4    Dex:  9    Spells: 8/8 levels left

rFire   . . .        o - +0 war axe (vamp)
rCold   . . .        c - +0 buckler
rNeg    + + .        r - +0 chain mail
rPois   inf          (no helmet)
rElec   +            q - +0 cloak
rCorr   .            (no gloves)
SInv    .            (no boots)
Will    +....        l - amulet of the acrobat Stlth
                     e - ring of willpower
HPRegen 0.29/turn    n - ring of positive energy
MPRegen 0.13/turn

%: acrobat
@: about to teleport, corroded
A: sickness immunity, AC +6, negative energy resistance 1, electricity
resistance, torment resistance 1, petrification resistance
a: Renounce Religion


You were on level 2 of the Abyss.
You worshipped Okawaru.
Okawaru was noncommittal.
You visited 1 branch of the dungeon, and saw 6 of its levels.
You visited the Abyss 1 time.
You also visited: Sewer.

You collected 270 gold pieces.
You spent 143 gold pieces at shops.


Innate Abilities, Weirdness & Mutations

You are immune to sickness and miasma.
Your stone body is resilient. (AC +6)
You are immune to poison.
You resist negative energy. (rN+)
You are resistant to electric shocks. (rElec)
You are resistant to unholy torment.
You are immune to petrification.


   Skills:
 - Level 6.4 Fighting
 + Level 8.6 Axes
 - Level 4.1 Armour
 - Level 1.0 Dodging
 - Level 3.2 Shields
 - Level 4.1 Invocations


You had 8 spell levels left.
You didn't know any spells.
Your spell library was empty.

Inventory:

Hand Weapons
 o - a +0 vampiric war axe (weapon)
 t - a +0 flail
Armour
 c - a +0 buckler (worn)
 q - a +0 cloak (worn)
 r - a +0 chain mail (worn)
Jewellery
 b - an amulet of magic regeneration
 e - a ring of willpower (left hand)
 l - an amulet of the acrobat (around neck)
 n - a ring of positive energy (right hand)
Scrolls
 g - 4 scrolls of teleportation
 s - a scroll of identify
Potions
 a - 5 potions of heal wounds
 d - 3 potions of might
 f - a potion of haste
 h - a potion of mutation {unknown}
 i - a potion of cancellation {unknown}
 j - 2 potions of ambrosia {unknown}
 k - a potion of resistance
 m - 2 potions of curing
 p - a potion of lignification {unknown}
 u - a potion of attraction {unknown}

Dungeon Overview and Level Annotations

Branches:
Dungeon (6/15)             Temple (0/1) D:5           Sewer (visited)

Altars:
Ashenzari
Cheibriados
Makhleb
Okawaru
Yredelemnul

Shops:
D:4 !   D:5 *

Portals:
Abyss: D:3

Annotations:
D:3 2 transporters, qw's ghost, amateur GrFi
D:4 1 runed translucent door, Crazy Yiuf
D:6 Maggie


Message History

A sixfirhy comes into view.
The sixfirhy completely misses you. x2
You miss the sixfirhy.
The sixfirhy hits you but does no damage. x2
You miss the sixfirhy.
The rust devil screeches!
You barely miss the sixfirhy. You block the sixfirhy's attack.
The sixfirhy hits you. The sixfirhy shocks you. You resist.
You barely miss the sixfirhy. You block the sixfirhy's attack.
The sixfirhy hits you but does no damage. x2
The sixfirhy hits you. The sixfirhy shocks you. You resist.
You miss the sixfirhy. You hit the rust devil. The sixfirhy hits you.
The sixfirhy shocks you. You resist.
The sixfirhy hits you but does no damage.
The rust devil hits you. The rust devil corrodes you!
You slash the rust devil!
The rust devil is moderately wounded.
You closely miss the sixfirhy. You block the rust devil's attack.
You barely miss the rust devil.
The rust devil is moderately wounded.
You closely miss the sixfirhy.
The sixfirhy hits you but does no damage.
The rust devil hits you. The rust devil corrodes you!
You completely miss the rust devil.
The rust devil is moderately wounded.
You hit the sixfirhy. The sixfirhy hits you. The sixfirhy shocks you.
You resist. The sixfirhy hits you! The sixfirhy shocks you. You resist.
The sixfirhy barely misses you. x2; The rust devil hits you.
The rust devil corrodes you! The sixfirhy hits you. The sixfirhy shocks you.
You resist.
5309 ||| READING 5 scrolls of teleportation.
As you read the scroll of teleportation, it crumbles to dust.
You feel strangely unstable.
You feel the power of the Abyss delaying your translocation!
The sixfirhy hits you!
You die...

.# .. .# .# .#
.# .#
######3#..#
#....@4.#
.........ยค..#
#..##########
#


You could see a rust devil and a sixfirhy.

Vanquished Creatures
  Grinder (D:5)
  Sigmund (D:4)
  A steam dragon (D:6)
  A water moccasin (Sewer)
  Duvessa (D:6)
  An ice beast (D:6)
  An ogre (D:6)
  A centaur (D:5)
  Blork the orc (D:6)
  Dowan (D:6)
  5 killer bees (D:5)
  A howler monkey (D:4)
  3 orc priests (D:6)
  A gnoll bouda (D:6)
  2 hounds
  2 orc wizards
  7 gnolls (D:6)
  8 adders
  3 white imps
  8 worms
  2 dart slugs
  11 orcs
  7 ball pythons
  5 endoplasms
  7 giant cockroaches
  8 hobgoblins
  8 quokkas
  15 bats
  5 frilled lizards
  11 goblins
  7 kobolds
  4 rats
140 creatures vanquished.

Notes
Turn   | Place    | Note
-------+----------+-------------------------------------------
     0 | D:1      | qw the Gargoyle Fighter began the quest for the Orb.
     0 | D:1      | Reached XP level 1. HP: 14/14 MP: 1/1
     0 | D:1      | 0 ||| qw: Version: 0.2-a-102-gfc559e5
     0 | D:1      | 0 ||| qw: Game counter: 562
     0 | D:1      | 0 ||| qw: Always use a shield: true
     0 | D:1      | 0 ||| qw: God list: Okawaru
     0 | D:1      | 0 ||| qw: Allow faded altars: false
     0 | D:1      | 0 ||| qw: Do Orc after D:15 true
     0 | D:1      | 0 ||| qw: Do second Lair branch before Depths: true
     0 | D:1      | 0 ||| qw: Lair rune preference: random
     0 | D:1      | 0 ||| qw: Plans: Normal, Zot:1-4, Slime:5, God:TSO, Crypt,
                  | Tomb, Pan, Hells, Abyss, Win
     0 | D:1      | 0 ||| PLANNING D:1-11
    52 | D:1      | Reached skill level 2 in Axes
    57 | D:1      | 57 ||| Stepping ~*~*~tactically~*~*~ (stealth).
    97 | D:1      | Reached XP level 2. HP: 19/19 MP: 2/2
   145 | D:1      | 145 ||| Stepping ~*~*~tactically~*~*~ (hiding).
   220 | D:1      | 220 ||| Stepping ~*~*~tactically~*~*~ (stealth).
   223 | D:1      | 223 ||| Stepping ~*~*~tactically~*~*~ (hiding).
   231 | D:1      | 231 ||| Stepping ~*~*~tactically~*~*~ (stealth).
   251 | D:1      | 251 ||| DROPPING +0 club.
   259 | D:1      | 259 ||| Stepping ~*~*~tactically~*~*~ (stealth).
   302 | D:1      | Reached skill level 3 in Axes
   390 | D:1      | Reached XP level 3. HP: 20/23 MP: 3/3
   403 | D:1      | You fall into a shaft and drop 1 floor!
   474 | D:2      | Found a snail-covered altar of Cheibriados.
   481 | D:2      | 481 ||| Stepping ~*~*~tactically~*~*~ (hiding).
   539 | D:2      | 539 ||| UPGRADING to ring of willpower.
   540 | D:2      | 540 ||| READING scroll labelled DAHO ITTOELI.
   541 | D:2      | 541 ||| READING scroll labelled DAOMPEYRHO.
   749 | D:1      | Found a faded altar of an unknown god.
   749 | D:1      | Noticed a rust devil
   900 | D:2      | Reached XP level 4. HP: 28/28 MP: 4/4
  1136 | D:2      | Reached skill level 4 in Axes
  1566 | D:2      | 1566 ||| Stepping ~*~*~tactically~*~*~ (stealth).
  1567 | D:2      | 1567 ||| Stepping ~*~*~tactically~*~*~ (stealth).
  1568 | D:2      | 1568 ||| Stepping ~*~*~tactically~*~*~ (stealth).
  1569 | D:2      | 1569 ||| Stepping ~*~*~tactically~*~*~ (stealth).
  1570 | D:2      | 1570 ||| Stepping ~*~*~tactically~*~*~ (stealth).
  1673 | D:2      | 1673 ||| READING 5 scrolls labelled JIAW ZYPOM.
  1676 | D:2      | 1676 ||| READING scroll labelled OKLOMY TISCH.
  1677 | D:2      | 1677 ||| DRINKING 2 purple potions.
  1725 | D:3      | Noticed a kobold brigand
  1725 | D:3      | Noticed an ancient zyme
  1732 | D:3      | Found a transporter.
  1853 | D:3      | 1853 ||| Stepping ~*~*~tactically~*~*~ (stealth).
  1884 | D:3      | 1884 ||| Stepping ~*~*~tactically~*~*~ (stealth).
  1887 | D:3      | 1887 ||| Stepping ~*~*~tactically~*~*~ (stealth).
  1975 | D:3      | Reached XP level 5. HP: 31/32 MP: 5/5
  1995 | D:3      | 1995 ||| Stepping ~*~*~tactically~*~*~ (stealth).
  2011 | D:3      | 2011 ||| Stepping ~*~*~tactically~*~*~ (stealth).
  2012 | D:3      | 2012 ||| Stepping ~*~*~tactically~*~*~ (stealth).
  2013 | D:3      | 2013 ||| Stepping ~*~*~tactically~*~*~ (stealth).
  2035 | D:3      | Identified the +3 robe of Mupiton {Rampage +Blink rElec
                  | Str-3}
  2042 | D:3      | Noticed a small abomination
  2094 | D:3      | Found a basalt altar of Yredelemnul.
  2143 | D:3      | Found a one-way gate to the infinite horrors of the Abyss.
  2149 | D:3      | Found a transporter.
  2182 | D:3      | Noticed qw's ghost (amateur GrFi)
  2342 | D:3      | 2342 ||| Stepping ~*~*~tactically~*~*~ (stealth).
  2363 | D:3      | Reached skill level 5 in Axes
  2461 | D:3      | Found an iron altar of Okawaru.
  2461 | D:3      | Found a snail-covered altar of Cheibriados.
  2462 | D:3      | 2462 ||| PLANNING OKAWARU WORSHIP
  2462 | D:3      | 2462 ||| UPGRADING to amulet of the acrobat.
  2467 | D:3      | 2467 ||| UPGRADING to ring of positive energy.
  2468 | D:3      | 2468 ||| READING scroll labelled AFOVYUR BU SANLITZ.
  2473 | D:3      | Became a worshipper of Warmaster Okawaru
  2473 | D:3      | 2473 ||| PLANNING D:1-11
  2677 | D:4      | Noticed Sigmund
  2696 | D:4      | HP: 4/32 [something (8)]
  2700 | D:4      | 2700 ||| READING 4 scrolls of teleportation.
  2700 | D:4      | HP: 1/32 [Sigmund/+0 scythe (4)]
  2701 | D:4      | 2701 ||| DRINKING potion of heal wounds.
  2703 | D:4      | 2703 ||| FLEEEEING.
  2704 | D:4      | 2704 ||| FLEEEEING.
  2993 | D:4      | Reached XP level 6. HP: 38/38 MP: 6/6
  3024 | D:4      | Found Xuss's Distillery.
  3031 | D:4      | 3031 ||| BUYING potion of curing (33 gold).
  3031 | D:4      | Bought a potion of curing for 33 gold pieces
  3031 | D:4      | 3031 ||| BUYING potion of heal wounds (55 gold).
  3031 | D:4      | Bought a potion of heal wounds for 55 gold pieces
  3031 | D:4      | 3031 ||| BUYING potion of heal wounds (55 gold).
  3031 | D:4      | Bought a potion of heal wounds for 55 gold pieces
  3031 | D:4      | 3031 ||| SHOPLISTING potion of heal wounds (55 gold, have
                  | 25).
  3031 | D:4      | 3031 ||| SHOPLISTING potion of might (44 gold, have 25).
  3080 | D:4      | Reached skill level 1 in Dodging
  3149 | D:4      | Found a runed translucent door.
  3150 | D:4      | Noticed Crazy Yiuf
  3209 | D:4      | 3209 ||| Stepping ~*~*~tactically~*~*~ (hiding).
  3215 | D:4      | Killed Sigmund
  3215 | D:4      | Reached * piety under Okawaru
  3443 | D:4      | Found a burning altar of Makhleb.
  3444 | D:4      | Noticed a green death
  3680 | D:5      | Entered Level 5 of the Dungeon
  3681 | D:5      | 3681 ||| PLANNING SEWER
  3692 | D:5      | 3692 ||| INVOKING Heroism.
  3698 | D:5      | Reached skill level 6 in Axes
  3698 | D:5      | Reached XP level 7. HP: 42/43 MP: 4/7
  3767 | D:5      | 3767 ||| Stepping ~*~*~tactically~*~*~ (hiding).
  3833 | D:5      | Noticed Grinder
  3835 | D:5      | 3835 ||| INVOKING Heroism.
  3838 | D:5      | 3838 ||| Stepping ~*~*~tactically~*~*~ (hiding).
  3839 | D:5      | 3839 ||| Stepping ~*~*~tactically~*~*~ (hiding).
  3841 | D:5      | Paralysed by Grinder for 4 turns
  3845 | D:5      | 3845 ||| INVOKING Heroism.
  3849 | D:5      | 3849 ||| Stepping ~*~*~tactically~*~*~ (hiding).
  3850 | D:5      | 3850 ||| Stepping ~*~*~tactically~*~*~ (hiding).
  3863 | D:5      | Killed Grinder
  3864 | D:5      | Reached skill level 7 in Axes
  3884 | D:5      | Found a staircase to the Ecumenical Temple.
  3992 | D:5      | Found Qineun's Gadget Gallery.
  3998 | D:5      | 3998 ||| SHOPLISTING wand of digging (5) (210 gold, have
                  | 72).
  4065 | D:5      | Reached skill level 1 in Invocations
  4066 | D:5      | 4066 ||| INVOKING Heroism.
  4071 | D:5      | Reached XP level 8. HP: 22/49 MP: 5/9
  4284 | D:5      | Found a glowing drain.
  4297 | D:5      | 4297 ||| UPGRADING to +0 cloak.
  4302 | D:5      | 4302 ||| READING scroll labelled HEGEKOBANE.
  4310 | Sewer    | Entered a sewer
  4358 | Sewer    | Reached skill level 3 in Invocations
  4403 | Sewer    | 4403 ||| UPGRADING to +0 chain mail.
  4413 | Sewer    | 4413 ||| DROPPING +0 scale mail.
  4422 | D:5      | 4422 ||| PLANNING D:1-11
  4484 | D:5      | Found a broken altar of Ashenzari.
  4488 | D:5      | Saw a vision of the Shoals and the Spider Nest.
  4488 | D:5      | Noticed a demonic crawler
  4488 | D:5      | Noticed a steelbarb worm
  4488 | D:5      | Noticed a sea snake
  4488 | D:5      | Noticed a demonic crawler
  4488 | D:5      | Noticed a demonic crawler
  4488 | D:5      | Noticed a merfolk impaler
  4488 | D:5      | Noticed a manticore
  4488 | D:5      | Noticed a merfolk
  4488 | D:5      | Noticed a skyshark
  4488 | D:5      | Noticed a spark wasp
  4488 | D:5      | Noticed a merfolk
  4488 | D:5      | Noticed a pharaoh ant
  4489 | D:5      | Noticed a pharaoh ant
  4489 | D:5      | Noticed a merfolk siren
  4490 | D:5      | Noticed a cyclops
  4491 | D:5      | Noticed a jorogumo
  4638 | D:5      | 4638 ||| READING scroll labelled LUMEXE YLOALU.
  4639 | D:5      | 4639 ||| READING 2 scrolls of identify.
  4639 | D:5      | 4639 ||| IDENTIFYING orange potion
  4680 | D:6      | 4680 ||| INVOKING Heroism.
  4715 | D:6      | 4715 ||| Stepping ~*~*~tactically~*~*~ (stealth).
  4718 | D:6      | 4718 ||| Stepping ~*~*~tactically~*~*~ (hiding).
  4719 | D:6      | 4719 ||| Stepping ~*~*~tactically~*~*~ (hiding).
  4725 | D:6      | 4725 ||| INVOKING Heroism.
  4727 | D:6      | Reached skill level 8 in Axes
  4745 | D:6      | 4745 ||| DROPPING +0 whip.
  4754 | D:6      | 4754 ||| INVOKING Heroism.
  4820 | D:6      | 4820 ||| INVOKING Heroism.
  4824 | D:6      | Reached skill level 6 in Fighting
  5148 | D:6      | 5148 ||| INVOKING Heroism.
  5150 | D:6      | Noticed Blork the orc
  5163 | D:6      | Killed Blork the orc
  5164 | D:6      | Noticed Dowan
  5166 | D:6      | Reached XP level 9. HP: 56/56 MP: 12/12
  5167 | D:6      | 5167 ||| INVOKING Heroism.
  5172 | D:6      | Noticed Duvessa
  5179 | D:6      | 5179 ||| INVOKING Heroism.
  5185 | D:6      | Killed Dowan
  5189 | D:6      | Killed Duvessa
  5251 | D:6      | Noticed Maggie
  5254 | D:6      | 5254 ||| INVOKING Heroism.
  5261 | Abyss:2  | Cast into level 2 of the Abyss (Maggie)
  5300 | Abyss:2  | Noticed a sixfirhy
  5302 | Abyss:2  | Noticed a rust devil
  5308 | Abyss:2  | HP: 12/56 [sixfirhy (4)]
  5309 | Abyss:2  | 5309 ||| READING 5 scrolls of teleportation.
  5309 | Abyss:2  | Slain by a sixfirhy

Levels and vault maps discovered:
D:1:      dpeg_arrival_rooms_a, layout_basic,
          dreamdust_ecumenical_altar_sealed_demon
D:2:      minmay_skewed_foursquare, layout_basic, basic_altar
D:3:      layout_basic, yredelemnul_altar_generic,
          nicolae_overflow_two_pavilions, gammafunk_ghost_abyssal_escape,
          grunt_decor_cap, nicolae_concentric_dashed_squares_mild,
          dreamdust_mushroom_princess, corexii_hall_statues_t,
          minmay_misc_feat_hallway, minmay_misc_feat_tower,
          roderic_three_in_a_row
D:4:      layout_loops_ring, makhleb_altar_promises_db, serial_shops, shop,
          uniq_sigmund, uniq_crazy_yiuf_cottage
D:5:      layout_loops_cross, grunt_ashenzari_visionary
          [grunt_ashenzari_visionary_shoals, grunt_ashenzari_visionary_spider],
          minmay_temple_entry_overgrown, gup_sewer_entry_pipe,
          nicolae_shop_gadgets, uniq_grinder
D:6:      layout_loops_ring, uniq_blork_the_orc, uniq_duvessa, uniq_maggie
Abyss:2:  base:
Temple

Skill      XL: |  1  2  3  4  5  6  7  8 |
---------------+-------------------------+-----
Axes           | 2 3 4 5 6 7 8 |  8.6
Fighting       | 4 5 6 |  6.4
Dodging        | 1 |  1.0
Invocations    | 2 4 |  4.1
Armour         | 4 |  4.1
Shields        | |  3.2

Action                     |  1- 3 |  4- 6 |  7- 9 || total
---------------------------+-------+-------+-------++-------
  Melee: War axe           |    97 |   226 |   193 ||   516
 Invoke: Heroism           |       |     1 |    11 ||    12
    Use: Scroll            |     2 |     4 |     4 ||    10
         Potion            |       |     2 |       ||     2
 Armour: Scale mail        |    65 |   104 |    69 ||   238
         Chain mail        |       |       |    51 ||    51
  Dodge: Dodged            |    33 |   110 |   107 ||   250
  Block: Buckler           |    22 |    43 |    41 ||   106

Table legend:
 A = Non-vault XP
 B = Vault XP
 C = Vault XP percentage of total XP
 D = Non-vault monster count
 E = Vault monster count
 F = Vault count percentage of total count
                 A         B        C        D         E       F
            +---------+---------+-------+---------+---------+-------
      Total |    1621 |    1022 |  38.7 |     120 |      20 |  14.3
            +---------+---------+-------+---------+---------+-------
        D:1 |      44 |       0 |   0.0 |      27 |       0 |   0.0
        D:2 |      51 |      17 |  25.0 |      15 |       5 |  25.0
        D:3 |     120 |       0 |   0.0 |      24 |       0 |   0.0
        D:4 |     127 |     243 |  65.7 |      17 |       1 |   5.6
        D:5 |     525 |     293 |  35.8 |      15 |       7 |  31.8
        D:6 |     754 |     305 |  28.8 |      22 |       3 |  12.0
      Sewer |       0 |     164 | 100.0 |       0 |       4 | 100.0
            +---------+---------+-------+---------+---------+-------
